 Dungeon Crawl Stone Soup version 0.22-a0-512-g0943f25562 (webtiles) character file.

14 pajalenfi the Shooter (level 2, 0/23 HPs)
             Began as a Centaur Arcane Marksman on June 18, 2018.
             Slain by a hobgoblin
             ... wielding a +0 club
              (3 damage)
             ... on level 1 of the Dungeon.
             The game lasted 00:40:59 (856 turns).

pajalenfi the Shooter (Centaur Arcane Marksman)      Turns: 856, Time: 00:40:59

Health: 0/23       AC:  4    Str: 12    XL:     2   Next: 31%
Magic:  3/3        EV:  9    Int: 12    God:
Gold:   41         SH:  0    Dex:  9    Spells: 0/3 levels left

rFire    . . .     SeeInvis .   a - +0 shortbow
rCold    . . .     Gourm    .   (shield currently unavailable)
rNeg     . . .     Faith    .   e - +0 robe
rPois    .         Spirit   .   (no helmet)
rElec    .         Reflect  .   (no cloak)
rCorr    .         Harm     .   (no gloves)
MR       .....                  (no barding)
Stlth    +.........             (no amulet)
HPRegen  0.07/turn              (no ring)
MPRegen  0.08/turn              (no ring)

@: very quick
A: large, hooves 3, deformed body, speed 2, tough skin 3
a: no special abilities


You were on level 1 of the Dungeon.
You were full.

You visited 1 branch of the dungeon, and saw 1 of its levels.

You collected 41 gold pieces.

Inventory:

Hand Weapons
 a - a +0 shortbow (weapon)
Armour
 e - a +0 robe (worn)
Potions
 b - a potion of curing (quivered) {unknown}
 f - a potion of might {unknown}
Comestibles
 c - a ration


   Skills:
 - Level 1.0 Fighting
 * Level 4.1 Bows
 - Level 1.3 Dodging
 - Level 1.0 Spellcasting
 - Level 2.6 Hexes


You couldn't memorise any spells.
You knew the following spells:

 Your Spells              Type           Power        Failure   Level  Hunger
a - Corona                Hex            #......      10%         1    ##.....
b - Slow                  Hex            #.......     16%         2    ###....

Your spell library contained the following spells:

 Spells                   Type           Power        Failure   Level  Hunger
 Cause Fear               Hex            #.........   69%         4    #####..
 Portal Projectile        Hex/Tloc       #.....       45%         3    ####...
 Leda's Liquefaction      Hex/Erth       #.........   86%         4    #####..
 Inner Flame              Hex/Fire       #.......     45%         3    ####...


Dungeon Overview and Level Annotations

Branches:
Dungeon (1/15)

Altars:


Innate Abilities, Weirdness & Mutations

You have hooves in place of feet.
Armour fits poorly on your strangely shaped body.
You cover ground very quickly.
You have extremely tough skin. (AC +3)


Message History

The hobgoblin is too close now for your liking.
The hobgoblin is too close now for your liking.
You see here 2 arrows.
You see here 2 arrows.
You see here 2 arrows.
You are too injured to fight recklessly!
You are too injured to fight recklessly!
You are too injured to fight recklessly!
You are too injured to fight recklessly!
You are too injured to fight recklessly!
You are too injured to fight recklessly!
You are too injured to fight recklessly!
You closely miss the hobgoblin.
The hobgoblin is moderately wounded.
The hobgoblin hits you with a club.
* * * LOW HITPOINT WARNING * * *
You clumsily bash the hobgoblin but do no damage.
The hobgoblin is moderately wounded.
The hobgoblin hits you with a club.
You die...

........##....##.#######...,**
.........##...#..#...(.b[..,,****
..).......###.#.###.#####g.,,,,,,
.....(.(..##.#..#......s..),,,,,,
#.........###.#####.######.,,,,,,
#........(###..# ##.### **,,,****
#....)..(.#...## #....# *,,*,,,*
#........g#.######....# *,****,*
##.#..#.....##.g@(....# *,* *,*
#.#.####.#....###....# *,* *,**
#.#.####.#...####....#**,* *,,,
#.#........#.......###*..## ***,
##.#..##...####(....####...# **
.........### #..(.........# *,
........## ##....#####..## *,
........# #....#####...####.
........# #....##...........


You could see a hobgoblin.

Vanquished Creatures
  2 bats (D:1)
  A giant cockroach (D:1)
  2 goblins (D:1)
  3 hobgoblins (D:1)
  A frilled lizard (D:1)
  3 kobolds (D:1)
  3 rats (D:1)
15 creatures vanquished.

Notes
Turn   | Place    | Note
-------+----------+-------------------------------------------
     0 | D:1      | pajalenfi the Centaur Arcane Marksman began the quest for the Orb.
     0 | D:1      | Reached XP level 1. HP: 16/16 MP: 2/2
   130 | D:1      | Reached skill level 3 in Bows
   418 | D:1      | Reached XP level 2. HP: 20/23 MP: 3/3
   595 | D:1      | Learned a level 2 spell: Slow
   755 | D:1      | Reached skill level 4 in Bows
   856 | D:1      | Slain by a hobgoblin

Vault maps used:
D:1:      lemuel_arrival_tunnels

Skill      XL: |  1  2 |
---------------+-------+-----
Bows           | 3 4 |  4.1
Fighting       | |  1.0
Dodging        | |  1.3
Spellcasting   | |  1.0
Hexes          | |  2.6

Action                   || total
-------------------------++-------
Melee: Shortbow          ||     5
 Fire: Shortbow          ||    53
 Cast: Corona            ||     2
       Slow              ||     2
  Use: Scroll            ||     2
  Eat: Ration            ||     1
Armor: Robe              ||    25
Dodge: Dodged            ||    43

Table legend:
 A = Spawn XP
 B = Non-spawn XP
 C = Spawn XP percentage of total XP
 D = Spawn monster count
 E = Non-spawn monster count
 F = Spawn count percentage of total count
 G = Total turns spent on level
                    A         B        C        D         E        F      G
               +---------+---------+-------+---------+---------+-------+---------
         Total |       0 |      21 |   0.0 |       0 |      15 |   0.0 |   856
               +---------+---------+-------+---------+---------+-------+---------
           D:1 |       0 |      21 |   0.0 |       0 |      15 |   0.0 |   856
               +---------+---------+-------+---------+---------+-------+---------
